 Dungeon Crawl Stone Soup version 0.19.4-9-g45fd643 (console) character file.

26 Grinner the Vexing (level 2, 0/24 HPs)
             Began as a Troll Enchanter on Feb 16, 2017.
             Slain by Robin
             ... wielding a +0 dagger
              (1 damage)
             ... on level 2 of the Dungeon.
             The game lasted 00:02:03 (774 turns).

Grinner the Vexing (Troll Enchanter)                 Turns: 774, Time: 00:02:04

Health: 0/24       AC:  6    Str: 15    XL:     2   Next: 89%
Magic:  2/3        EV: 10    Int: 11    God:
Gold:   38         SH:  0    Dex: 10    Spells: 1 memorised, 2 levels left

rFire  . . .     SeeInvis .     a - +1 dagger
rCold  . . .     Gourm    +     b - +1 robe
rNeg   . . .     Faith    .     (no shield)
rPois  .         Spirit   .     (helmet restricted)
rElec  .         Reflect  .     (no cloak)
rCorr  .         Harm     .     (gloves unavailable)
MR     .....                    (boots unavailable)
Stlth  ++........               (no amulet)
                                i - ring of ice
                                k - ring of fire

@: no status effects
A: unfitting armour, claws 3, fast metabolism 3, gourmand, regeneration 1,
shaggy fur 1, tough skin 2
a: no special abilities


You were on level 2 of the Dungeon.
You were very full.

You visited 1 branch of the dungeon, and saw 2 of its levels.

You collected 38 gold pieces.

Inventory:

Hand Weapons
 a - a +1 dagger (weapon)
Armour
 b - a +1 robe (worn)
Jewellery
 i - a ring of ice (right claw)
 k - a ring of fire (left claw)
Scrolls
 e - 2 scrolls of remove curse {unknown}
Potions
 f - 3 potions of curing {unknown}
 g - a potion of degeneration {unknown}
 h - a potion of agility {unknown}
 l - a potion of heal wounds {unknown}
Books
 c - a book of Maledictions

   Spells                             Type                      Level
   a - Corona                         Hexes                        1
   b - Ensorcelled Hibernation        Hexes/Ice                    2
   c - Confuse                        Hexes                        3
   d - Tukima's Dance                 Hexes                        3
   e - Dazzling Spray                 Conjuration/Hexes            3
Comestibles
 d - 2 bread rations
 j - a meat ration


   Skills:
 - Level 0.7 Short Blades
 - Level 1.5 Dodging
 - Level 1.5 Stealth
 * Level 1.6 Unarmed Combat
 + Level 1.4 Spellcasting
 + Level 2.2 Hexes


You had 2 spell levels left.
You knew the following spells:

 Your Spells              Type           Power        Failure   Level  Hunger
a - Corona                Hex            #......      14%         1    ##.....


Dungeon Overview and Level Annotations

Branches:
Dungeon (2/15)

Altars:

Annotations:
D:2 Robin


Innate Abilities, Weirdness & Mutations

You are too large for most types of armour.
You have claws for hands.
Your metabolism is lightning-fast.
You like to eat raw meat.
Your natural rate of healing is unusually fast.
You are covered in fur. (AC +1)
You have very tough skin. (AC +2)


Message History

Robin is heavily wounded.
The hobgoblin hits you but does no damage.
Robin roars a battlecry!
The goblins go into a battle-frenzy!
The goblin barely misses you. The hobgoblin hits you with a club.
* * * LOW HITPOINT WARNING * * *
The goblin hits you with a dagger.
* * * LOW HITPOINT WARNING * * *
You hit Robin.
Robin is severely wounded.
The hobgoblin closely misses you. Robin barely misses you.
The goblin completely misses you.
The hobgoblin hits you but does no damage.
The goblin hits you but does no damage.
You hit Robin.
Robin is almost dead.
The hobgoblin hits you.
* * * LOW HITPOINT WARNING * * *
Robin hits you with a dagger.
You die...

#..........###
.##.............
......%[.....####
#...........##<#
#.).........##.#
#...........##.###.#
####..ggg......##.....#
.....lg@g........>#####
##########...........#
#....###.##.# #....#
#.# # #....###.##
#.......>.# #....######
######


You could see Robin, a leopard gecko, 2 hobgoblins and 2 goblins.

Vanquished Creatures
  2 leopard geckos (D:1)
  2 hobgoblins (D:1)
  4 jackals (D:1)
  4 kobolds (D:1)
  6 bats (D:1)
  2 goblins (D:2)
  A rat (D:1)
21 creatures vanquished.

Notes
Turn   | Place    | Note
-------+----------+-------------------------------------------
     0 | D:1      | Grinner the Troll Enchanter began the quest for the Orb.
     0 | D:1      | Reached XP level 1. HP: 16/16 MP: 1/1
   190 | D:1      | Reached XP level 2. HP: 22/24 MP: 3/3
   255 | D:1      | Reached skill level 1 in Unarmed Combat
   750 | D:2      | Noticed Robin
   774 | D:2      | HP: 1/24 [hobgoblin[Robin] (3)]
   774 | D:2      | Slain by Robin

Skill      XL: |  1  2 |
---------------+-------+-----
Unarmed Combat | 1 |  1.6
Short Blades   | |  0.7
Dodging        | |  1.5
Stealth        | |  1.5
Spellcasting   | |  1.4
Hexes          | |  2.2

Action                   || total
-------------------------++-------
Melee: Dagger            ||   135
 Cast: Corona            ||     1
 Stab: Sleeping          ||     4
  Eat: Chunk             ||    11
Armor: Robe              ||    78
Dodge: Dodged            ||   108
